 Dungeon Crawl Stone Soup version 0.18-a0-1361-g9293dd1 (webtiles) character file.

595 Kidiri the Slasher (level 7, -30/55 HPs)
             Began as a Demonspawn Chaos Knight on Feb 20, 2016.
             Annihilated by a shadow (32 damage)
             ... summoned by the capriciousness of Xom
             ... on level 4 of the Dungeon.
             The game lasted 00:10:51 (5418 turns).

Kidiri the Slasher (Demonspawn Chaos Knight)        Turns: 5418, Time: 00:10:51

Health: -30/55     AC:  8    Str: 14    XL:     7   Next: 16%
Magic:  7/7        EV: 12    Int: 16    God:    Xom [....*.]
Gold:   203        SH:  0    Dex: 13    Spells: 0 memorised, 6 levels left

rFire  . . .     SeeInvis .     a - +1 falchion (chaos)
rCold  + . .     Gourm    .     b - +2 leather armour
rNeg   . . .     Faith    .     (no shield)
rPois  .         Spirit   .     t - +0 helmet
rElec  .         Dismiss  .     (no cloak)
rCorr  .         Reflect  .     (no gloves)
SustAt .         Harm     .     (no boots)
MR     .....                    (no amulet)
Stlth  +.........               f - ring of protection from cold
                                i - +3 ring of intelligence

@: not resistant to hostile enchantments, very unstealthy
A: claws 2, thin metallic scales 1
a: Renounce Religion


You were on level 4 of the Dungeon.
You worshipped Xom.
You were a beloved toy of Xom.
You were not hungry.

You visited 2 branches of the dungeon, and saw 5 of its levels.

You collected 203 gold pieces.

Inventory:

Hand Weapons
 a - a +1 falchion of chaos (weapon)
 p - the +10 whip of the Gloaming {vamp, Str+3}
   (You found it on level 4 of the Dungeon)

   It inflicts no extra harm, but heals its wielder somewhat when it strikes a
   living foe.
   It affects your strength (+3).
Missiles
 j - 59 stones (quivered)
Armour
 b - a +2 leather armour (worn)
 n - a +0 ring mail of fire resistance
 t - a +0 helmet (worn)
Jewellery
 f - a ring of protection from cold (right claw)
 i - a +3 ring of intelligence (left claw)
Potions
 g - a potion of haste
 h - a potion of ambrosia
 m - a potion of heal wounds {unknown}
 q - a potion of cancellation {unknown}
Comestibles
 c - 3 bread rations
 k - a meat ration


   Skills:
 + Level 4.4 Fighting
 * Level 4.6 Long Blades
 + Level 1.5 Throwing
 * Level 4.3 Armour
 + Level 2.5 Dodging


You had 6 spell levels left.
You didn't know any spells.

Dungeon Overview and Level Annotations

Branches:
Dungeon (4/15)             Temple (1/1) D:4

Altars:
Ashenzari
Cheibriados
Dithmenos
Elyvilon
Fedhas
Gozag
Kikubaaqudgha
Nemelex Xobeh
Okawaru
Ru
Sif Muna
Trog
Yredelemnul
Zin
The Shining One

Shops:
D:4 }


Innate Abilities, Weirdness & Mutations

You have very sharp fingernails.
You are partially covered in thin metallic scales (AC +2).


Message History

The shadow is lightly damaged.
The shadow barely misses you.
The shadow strikes at you from the darkness!
Reactivating autopickup.
You hit the shadow.
The shadow is moderately damaged.
The shadow slips into darkness.
The shadow flickers and vanishes!
Deactivating autopickup; reactivate with Ctrl-A.
The shadow slips into darkness.
The shadow flickers and vanishes!
Unknown command.
Unknown command.
The shadow strikes at you from the darkness!
* * * LOW HITPOINT WARNING * * *
Reactivating autopickup.
The shadow strikes at you from the darkness!
Ouch! That really hurt!
You die...
Xom chuckles heartily!

...........#
##..## #.######
...........###...#
#.#
.........>..#...##
#.#
...............##
#.#
...............#
#.#
..............##
##.##
#...........#..##
##...##
#......#######W.##
###..#..##
.......# ##.@###
#...###..#
...#...######
##...###..##_##.#
..###...#...#
###..##...'##..#
.## #......##
##.......#...# ##
##...###
##...≈P....## #
#...# ##..≈P....#
##..## #..P..⌠..#
#...# ##.......#
##..## ##......##


You could see a shadow.

Vanquished Creatures
  A scorpion (D:4)
  A hound (D:4)
  2 orc wizards
  A giant frog skeleton (D:4)
  Natasha (thrice) (D:2)
  4 worker ants (D:4)
  7 adders
  An ooze (D:1)
  2 worms (D:2)
  3 giant geckos
  6 orcs
  3 giant cockroaches
  5 goblins
  7 hobgoblins
  11 jackals
  A quokka (D:2)
  A ball python (D:2)
  A ball python skeleton (D:4)
  10 bats
  5 giant newts
  6 kobolds
  A quokka skeleton (D:4)
  12 rats
94 creatures vanquished.

Vanquished Creatures (collateral kills)
  A worker ant (D:4)
1 creature vanquished.

Vanquished Creatures (others)
  A phantom (D:4)
  An orc wizard (D:3)
2 creatures vanquished.

Grand Total: 97 creatures vanquished

Notes
Turn   | Place    | Note
--------------------------------------------------------------
     0 | D:1      | Kidiri the Demonspawn Chaos Knight began the quest for the Orb.
     0 | D:1      | Reached XP level 1. HP: 18/18 MP: 1/1
   103 | D:1      | Reached skill level 1 in Dodging
   392 | D:1      | Gained mutation: You have sharp fingernails. [demonic ancestry]
   392 | D:1      | Reached XP level 2. HP: 18/24 MP: 2/2
   917 | D:1      | Gained mutation: You are partially covered in thin metallic scales (AC +2). [demonic ancestry]
   917 | D:1      | Reached XP level 3. HP: 29/29 MP: 3/3
  1080 | D:2      | Noticed Natasha
  1092 | D:2      | Killed Natasha
  1297 | D:2      | Gained mutation: You have very sharp fingernails. [demonic ancestry]
  1297 | D:2      | Reached XP level 4. HP: 32/35 MP: 4/4
  1392 | D:2      | XOM: divination: detect items
  1437 | D:2      | Noticed Natasha
  1445 | D:2      | XOM: enchant monster (good)
  1452 | D:2      | Killed Natasha
  1944 | D:2      | Noticed Natasha
  1953 | D:2      | Killed Natasha
  1953 | D:2      | Reached XP level 5. HP: 33/41 MP: 5/5
  3322 | D:3      | XOM: silly message
  3343 | D:3      | Reached skill level 4 in Fighting
  3600 | D:3      | XOM: divination: detect items
  3681 | D:3      | Found a snail-covered altar of Cheibriados.
  3875 | D:3      | Reached XP level 6. HP: 43/48 MP: 6/6
  4052 | D:4      | Reached skill level 1 in Throwing
  4140 | D:4      | Got a dazzling whip
  4198 | D:4      | Found an iron altar of Okawaru.
  4244 | D:4      | Found a glowing golden altar of the Shining One.
  4270 | D:4      | XOM: divination: detect creatures
  4272 | D:4      | XOM: confusion (+ monsters)
  4276 | D:4      | XOM: cast spell 'Olgreb's Toxic Radiance'
  4485 | D:4      | XOM: silly message
  4564 | D:4      | XOM: summons friendly ufetubus
  4674 | D:4      | Found a staircase to the Ecumenical Temple.
  4719 | Temple   | Entered the Ecumenical Temple
  4890 | D:4      | Found Saen Mef's Gadget Shop.
  4894 | D:4      | XOM: cast spell 'Confusing Touch'
  4901 | D:4      | Reached XP level 7. HP: 45/54 MP: 7/7
  5176 | D:4      | XOM: god gift: scroll labeled BIESOAGUMUST
  5358 | D:4      | Identified the +10 whip of the Gloaming {vamp, Str+3} (You found it on level 4 of the Dungeon)
  5411 | D:4      | XOM: medium Necr miscast
  5412 | D:4      | Noticed a shadow
  5412 | D:4      | Noticed a shadow
  5417 | D:4      | HP: 1/55 [something (24)]
  5418 | D:4      | Annihilated by a shadow

Vault maps used:
D:1:      saegor_arrival_under_anarchy
D:2:      first_bread, st_stairs_4, feat_on_display, uniq_natasha
D:3:      lemuel_round_altar, minmay_misc_feat_nine_boxes
D:4:      tso_oasis_becter, okawaru_gym_becter, kennysheep_little_box,
          minmay_temple_entry_purple_smoke, serial_shops, nicolae_shop_trees
Temple:   circular_temple_12

Action                   |  1- 3 |  4- 6 |  7- 9 || total
-------------------------+-------+-------+-------++-------
Melee: Falchion          |   116 |   234 |    37 ||   387
  Use: Scroll            |       |    11 |     1 ||    12
       Potion            |       |     1 |       ||     1
 Stab: Petrifying        |     1 |       |       ||     1
       Petrified         |     1 |       |       ||     1
       Sleeping          |     1 |       |       ||     1
       Paralysed         |       |     3 |       ||     3
       Confused          |       |     2 |       ||     2
  Eat: Chunk             |     1 |     8 |       ||     9
       Meat ration       |       |     1 |       ||     1
       Bread ration      |       |       |     1 ||     1
       Royal jelly       |       |       |     1 ||     1
